 Dungeon Crawl Stone Soup version 0.18-a0-1572-g0a86841 (webtiles) character file.

1093 M4edhros the Spear-Bearer (level 8, 0/41 HPs)
             Began as an Octopode Chaos Knight on Mar 15, 2016.
             Succumbed to a water moccasin's poison
             ... on level 6 of the Dungeon.
             The game lasted 00:08:48 (12289 turns).

M4edhros the Spear-Bearer (Octopode Chaos Knight)  Turns: 12289, Time: 00:08:48

Health: 0/41       AC:  1    Str: 10 (12) XL:     8   Next: 31%
Magic:  8/8        EV: 13    Int: 10 (12) God:    Xom [.*....]
Gold:   294        SH:  3    Dex: 13      Spells: 0 memorised, 7 levels left

rFire  . . .     SeeInvis .     a - +0 spear (chaos)
rCold  . . .     Gourm    .     j - +0 buckler
rNeg   . . .     Faith    .     d - +0 hat
rPois  .         Spirit   .     (no amulet)
rElec  .         Dismiss  .     b - ring of flight
rCorr  .         Reflect  .     (no ring)
SustAt .         Harm     .     (no ring)
MR     .....     Clarity  +     (no ring)
Stlth  ++........ Rnd*Tele +    (no ring)
                                (no ring)
                                (no ring)
                                (no ring)

@: lethally poisoned (0 -> -12), starving, not resistant to hostile
enchantments, unstealthy
A: almost no armour, amphibious, 8 rings, constrict 8, camouflage 1, blurry
vision 1, clarity, dopey 1, frail 2, screaming 1, teleportitis 1, gelatinous
body 1
a: Renounce Religion, Evoke Flight


You were on level 6 of the Dungeon.
You worshipped Xom.
You were a plaything of Xom.
You were starving.

You visited 2 branches of the dungeon, and saw 7 of its levels.

You collected 294 gold pieces.

Inventory:

Hand Weapons
 a - a +0 spear of chaos (weapon)
 v - a +4 quarterstaff of chaos
Missiles
 f - 23 arrows of dispersal
Armour
 d - a +0 hat (worn)
 j - a +0 buckler (worn)
Jewellery
 b - a ring of flight (left tentacle)
Wands
 i - a wand of iceblast (5/15)
Scrolls
 c - 6 scrolls of remove curse
 g - a scroll of fear
 h - 2 scrolls of recharging
 m - 3 scrolls of random uselessness
 o - 2 scrolls of amnesia
 p - a scroll of fog
 r - a scroll of immolation
Potions
 e - 2 potions of flight
 q - a potion of cancellation
Comestibles
 k - 4 meat rations


   Skills:
 - Level 3.0 Fighting
 - Level 9.0 Polearms
 + Level 4.9 Dodging


You had 7 spell levels left.
You didn't know any spells.

Dungeon Overview and Level Annotations

Branches:
Dungeon (6/15)             Temple (1/1) D:5

Altars:
Ashenzari
Cheibriados
Fedhas
Gozag
Kikubaaqudgha
Makhleb
Nemelex Xobeh
Pakellas
Qazlal
Ru
Sif Muna
Trog
Vehumet
Yredelemnul
Zin


Innate Abilities, Weirdness & Mutations

You cannot wear most types of armour.
You are amphibious.
You can wear up to eight rings at the same time.
You can use your tentacles to constrict eight enemies at once.
Your skin changes colour to match your surroundings (Stealth).
Your rubbery body absorbs attacks (AC +1).
Scrolls take you a little longer to read.
You possess an exceptional clarity of mind.
You are dopey. (Int -2)
You are very frail (-20% HP).
You occasionally shout uncontrollably at your foes.
You are occasionally teleported next to monsters.


Message History

You climb downwards.
Your summoned ally is left behind.
A water moccasin comes into view.
The water moccasin hisses angrily.
Found 28 gold pieces.
Found an escape hatch in the floor.
There is a stone staircase leading up here.
You hit the water moccasin but do no damage.
Your grab misses the water moccasin. The water moccasin bites you!
* * * LOW HITPOINT WARNING * * *
You barely miss the water moccasin. You grab the water moccasin.
You constrict the water moccasin, but do no damage.
The water moccasin bites you!
* * * LOW HITPOINT WARNING * * *
You are lethally poisoned!
The water moccasin poisons you!
You hit the water moccasin. You freeze the water moccasin.
You squeeze the water moccasin, but do no damage.
The water moccasin is lightly wounded.
You constrict the water moccasin.
You die...
Xom howls with laughter!

###$.....#
..........
##.$......#
#..........
#.........#
#.........#
#......>..
#@....#
##S..##
#.## ...
###


You could see a water moccasin.

Vanquished Creatures
  Sigmund (D:3)
  A centaur (D:5)
  2 crimson imps
  A giant frog skeleton (D:4)
  A hound (D:4)
  2 orc priests
  Crazy Yiuf (D:5)
  4 orc wizards
  Ijyb (D:2)
  2 iguanas (D:4)
  5 worker ants
  2 hound zombies (D:5)
  Robin (D:3)
  3 gnolls (D:5)
  7 adders
  A shadow imp (D:5)
  An adder zombie (D:5)
  An adder skeleton (D:4)
  A worm (D:3)
  A dart slug (D:2)
  3 giant geckos
  24 orcs
  11 bats
  A giant cockroach (D:1)
  16 goblins
  8 hobgoblins
  7 jackals
  3 quokkas
  A ball python (D:2)
  4 giant newts
  9 kobolds
  4 rats
130 creatures vanquished.

Vanquished Creatures (collateral kills)
  An ice beast (D:5)
1 creature vanquished.

Grand Total: 131 creatures vanquished

Notes
Turn   | Place    | Note
--------------------------------------------------------------
     0 | D:1      | M4edhros the Octopode Chaos Knight began the quest for the Orb.
     0 | D:1      | Reached XP level 1. HP: 16/16 MP: 1/1
    47 | D:1      | XOM: smoke on damage
    49 | D:1      | Reached XP level 2. HP: 13/21 MP: 2/2
   246 | D:1      | XOM: divination: magic mapping
   287 | D:1      | XOM is BORED!
   287 | D:1      | XOM: noise
   378 | D:1      | XOM: harmless Pois miscast
   379 | D:1      | Reached skill level 4 in Polearms
   439 | D:1      | XOM: harmless Ice miscast
   640 | D:2      | XOM: noise
   642 | D:2      | XOM: mild Conj miscast
   700 | D:2      | Reached XP level 3. HP: 17/26 MP: 3/3
   924 | D:2      | Noticed Ijyb
   940 | D:2      | XOM: potion effect (brilliance)
   947 | D:2      | Killed Ijyb
   947 | D:2      | Reached skill level 5 in Polearms
   947 | D:2      | Reached XP level 4. HP: 10/31 MP: 4/4
  1074 | D:2      | XOM: colour smoke trail
  1094 | D:2      | Found an ancient bone altar of Kikubaaqudgha.
  1209 | D:2      | XOM: divination: magic mapping
  1622 | D:3      | Reached XP level 5. HP: 22/36 MP: 5/5
  1682 | D:3      | XOM: divination: detect items
  1702 | D:3      | Reached skill level 6 in Polearms
  1966 | D:3      | Found a shattered altar of Ashenzari.
  2011 | D:3      | Noticed Sigmund
  2153 | D:3      | Killed Sigmund
  2153 | D:3      | Reached skill level 7 in Polearms
  2153 | D:3      | Reached XP level 6. HP: 17/42 MP: 6/6
  2222 | D:3      | XOM: divination: detect items
  2279 | D:3      | Noticed Robin
  2372 | D:3      | Killed Robin
  2417 | D:3      | Found a deep blue altar of Sif Muna.
  2463 | D:3      | Reached XP level 7. HP: 24/46 MP: 7/7
  2854 | D:3      | XOM: harmless Erth miscast
  3020 | D:4      | XOM: harmless Conj miscast
  3021 | D:4      | XOM: harmless Summ miscast
  3024 | D:4      | Reached skill level 8 in Polearms
  3055 | D:4      | XOM: cast spell 'Call Canine Familiar'
  3093 | D:4      | Found a stormy altar of Qazlal.
  3096 | D:4      | Noticed a water elemental
  3096 | D:4      | Noticed a fire elemental
  3096 | D:4      | Noticed an air elemental
  3162 | D:4      | XOM: divination: detect creatures
  3272 | D:4      | XOM: harmless Summ miscast
  3549 | D:4      | XOM: harmless Divn miscast
  3758 | D:4      | XOM: harmless Necr miscast
  3766 | D:4      | XOM: silly message
  3953 | D:5      | Entered Level 5 of the Dungeon
  3968 | D:5      | Noticed Crazy Yiuf
  3980 | D:5      | Killed Crazy Yiuf
  3980 | D:5      | Reached skill level 9 in Polearms
  4193 | D:5      | Reached XP level 8. HP: 21/52 MP: 8/8
  4350 | D:5      | XOM: scenery: 1 doors open
  4425 | D:5      | XOM: summons friendly white imp
  4715 | D:5      | XOM: colour smoke trail
  4721 | D:5      | Found a staircase to the Ecumenical Temple.
  4811 | D:5      | XOM: mild Chrm miscast
  4814 | Temple   | Entered the Ecumenical Temple
  4889 | Temple   | XOM: medium Erth miscast
  5509 | Temple   | XOM: god gift: potion of heal wounds
  5525 | Temple   | XOM: god gift: 23 arrows of dispersal
  5847 | Temple   | XOM: 1-stop teleportation journey
  6527 | Temple   | XOM: divination: detect creatures
  7153 | Temple   | XOM: god gift: scroll labeled ZEUMAS HAPNIFF
  7266 | Temple   | XOM: mild Divn miscast
  7379 | Temple   | XOM: silly message
  8128 | Temple   | XOM: divination: detect creatures
  8511 | Temple   | XOM: mild Hex miscast
  8519 | Temple   | XOM: give mutation
  8519 | Temple   | Gained mutation: You are agile. (Dex +2) [Xom's mischief]
  8615 | Temple   | XOM: give mutations
  8615 | Temple   | Lost mutation: You are agile. (Dex +2) [Xom's mischief]
  8615 | Temple   | Gained mutation: You are frail (-10% HP). [Xom's mischief]
  8628 | Temple   | XOM: noise
  8756 | Temple   | XOM: give mutations
  8756 | Temple   | Gained mutation: You occasionally shout uncontrollably at your foes. [Xom's mischief]
  8756 | Temple   | Gained mutation: You are occasionally teleported next to monsters. [Xom's mischief]
  8756 | Temple   | Gained mutation: You are weak. (Str -2) [Xom's mischief]
  8756 | Temple   | Gained mutation: You are dopey. (Int -2) [Xom's mischief]
  8900 | Temple   | XOM: mild Divn miscast
  8976 | Temple   | XOM: 2-stop teleportation journey
  8986 | Temple   | XOM: give mutation
  8986 | Temple   | Gained mutation: You possess an exceptional clarity of mind. [Xom's grace]
  9737 | Temple   | XOM: 1-stop teleportation journey
  9963 | Temple   | XOM: 2-stop teleportation journey
 10126 | Temple   | XOM: god gift: cabochon ring {god gift}
 10266 | Temple   | XOM: god gift: 58 gold pieces
 10388 | Temple   | XOM: summons 4 hostile demons
 10406 | D:5      | XOM: 4-stop teleportation journey
 10488 | Temple   | XOM: colour smoke trail
 11208 | Temple   | XOM: noise
 11325 | Temple   | XOM: give mutations
 11325 | Temple   | Gained mutation: You are very frail (-20% HP). [Xom's mischief]
 11325 | Temple   | Gained mutation: Scrolls take you a little longer to read. [Xom's mischief]
 11325 | Temple   | Lost mutation: You are weak. (Str -2) [Xom's mischief]
 11417 | Temple   | XOM is BORED!
 11417 | Temple   | XOM: noise
 11755 | Temple   | XOM: god gift: scroll of fear
 11837 | Temple   | XOM: colour smoke trail
 12039 | Temple   | XOM: silly message
 12149 | Temple   | XOM: summons 4 hostile demons
 12151 | D:5      | XOM: summons 2 friendly demons
 12157 | D:5      | XOM: 2-stop teleportation journey
 12212 | D:5      | XOM: enchant monster (good)
 12227 | D:5      | XOM: harmless Hex miscast
 12234 | D:5      | XOM: summons 3 friendly demons
 12237 | D:5      | XOM: summons friendly iron imp
 12288 | D:6      | HP: 1/41 [water moccasin (10)]
 12289 | D:6      | Succumbed to a water moccasin's poison

Vault maps used:
D:1:      dpeg_arrival_three_same_balls
D:2:      kennysheep_the_goblin_king, kiku_gazebo_pond_becter, uniq_iyjb
D:3:      marbit_many_paths, lemuel_crystal_altar, minmay_cut_off, uniq_robin,
          uniq_sigmund
D:4:      nicolae_qazlal_style_of_elements
D:5:      temple_green, first_bread, small_statue_intersection, tgw_xom,
          uniq_crazy_yiuf_cottage
D:6:      serial_shops, shop, nicolae_underground_beach, uniq_pikel
Temple:   circular_temple_12

Skill      XL: |  1  2  3  4  5  6  7  8 |
---------------+-------------------------+-----
Polearms       | 4 5 7 9 |  9.0
Dodging        | 3 4 |  4.9
Fighting       | |  3.0

Action                   |  1- 3 |  4- 6 |  7- 9 || total
-------------------------+-------+-------+-------++-------
Melee: Spear             |    84 |   113 |   215 ||   412
Evoke: Wand              |       |       |     1 ||     1
  Use: Potion            |     2 |     1 |     9 ||    12
       Scroll            |       |     3 |     7 ||    10
 Stab: Sleeping          |     5 |     5 |     5 ||    15
       Petrifying        |       |     2 |       ||     2
       Confused          |       |       |     6 ||     6
       Distracted        |       |       |     1 ||     1
       Invisible         |       |       |     1 ||     1
       Paralysed         |       |       |     1 ||     1
  Eat: Chunk             |       |     5 |     8 ||    13
       Bread ration      |       |       |     2 ||     2
       Pizza             |       |       |     2 ||     2
       Meat ration       |       |       |     1 ||     1
       Royal jelly       |       |       |     1 ||     1
       Beef jerky        |       |       |     1 ||     1
